 Dungeon Crawl Stone Soup version 0.28-a0-1235-g7c8fac35f0 (webtiles) character file.

Game seed: 967820430038870797

247052 frimble the Peltast (level 19, -18/160 HPs)
             Began as a Demonspawn Warper on Dec 25, 2021.
             Was the Champion of Cheibriados.
             Demolished by a spriggan rider (20 damage)
             ... while paralysed by a fenstrider witch
             ... on level 3 of the Swamp.
             The game lasted 00:46:42 (29592 turns).

frimble the Peltast (Demonspawn Warper)            Turns: 29592, Time: 00:46:43

Health: -18/160    AC: 17    Str: 32    XL:     19   Next: 21%
Magic:  29/29      EV:  2    Int: 45    God:    Cheibriados [******]
Gold:   3049       SH:  0    Dex: 33    Spells: 18/26 levels left

rFire   + + .      SeeInvis +   i - +9 quick blade (vamp)
rCold   + . .      Faith    .   x - +1 kite shield {reflect}
rNeg    . . .      Spirit   .   L - +1 chain mail of the Worm {Contam rF+ Int+4 Slay+3}
rPois   .          Reflect  +   (helmet unavailable)
rElec   .          Harm     .   A - +2 cloak
rCorr   .          Rampage  .   b - +1 pair of gloves of Okkeitig {+Inv Str+4 SInv}
Will    +....                   R - +0 pair of boots of Baldness {Str+3}
Stlth   +++.......              l - amulet of regeneration
HPRegen 1.16/turn               h - ring of Wiulisch {EV+4 Str-2 Int+5 Slay+3 SInv}
MPRegen 0.21/turn               M - ring of Vanity {rF+ rC+ Slay+2}

@: paralysed, lethally poisoned (-18 -> -55), studying 3 skills, very slow
A: horns 3, thin skeletal structure 2, powered by pain 2, robust 1, demonic
magic 2
}: 1/15 runes: gossamer
a: Renounce Religion, Evoke Invisibility, Bend Time, Temporal Distortion,
Slouch, Step From Time


You were on level 3 of the Swamp.
You worshipped Cheibriados.
Cheibriados was exalted by your worship.
You visited 7 branches of the dungeon, and saw 32 of its levels.
You visited the Abyss 1 time.
You also visited: Gauntlet and Ice Cave.

You collected 4963 gold pieces.
You spent 1914 gold pieces at shops.

Inventory:

Hand Weapons
 i - a +9 vampiric quick blade (weapon)
Missiles
 n - a throwing net
 v - 15 boomerangs (quivered)
 E - 14 silver javelins
 G - 9 javelins
Armour
 b - the +1 pair of gloves of Okkeitig (worn) {+Inv Str+4 SInv}
   (You found it on level 2 of the Swamp)

   Str:       It affects your strength (+4).
   SInv:      It lets you see invisible.
   +Inv:      It lets you turn invisible.
 x - a +1 kite shield of reflection (worn)
 A - a +2 cloak (worn)
 L - the +1 chain mail of the Worm (worn) {Contam rF+ Int+4 Slay+3}
   (You found it in an ice cave)

   Int:       It affects your intelligence (+4).
   Slay:      It affects your accuracy & damage with ranged weapons and melee
   (+3).
   rF:        It protects you from fire.
   Contam:    It causes magical contamination when unequipped.
 R - the +0 pair of boots of Baldness (worn) {Str+3}
   (You found it in a Gauntlet)

   Str:       It affects your strength (+3).
Jewellery
 h - the ring of Wiulisch (left hand) {EV+4 Str-2 Int+5 Slay+3 SInv}
   (You found it on level 13 of the Dungeon)

   [ring of evasion]

   EV:        It affects your evasion (+4).
   Str:       It affects your strength (-2).
   Int:       It affects your intelligence (+5).
   Slay:      It affects your accuracy & damage with ranged weapons and melee
   (+3).
   SInv:      It lets you see invisible.
 j - the ring "Arubbiyr" {Ice rCorr Str-4 Slay+4}
   (You acquired it on level 1 of the Dungeon)

   [ring of ice]

   It enhances your ice magic.
   Str:       It affects your strength (-4).
   Slay:      It affects your accuracy & damage with ranged weapons and melee
   (+4).
   rF:        It makes you vulnerable to fire.
   rC:        It protects you from cold.
   rCorr:     It protects you from acid and corrosion.
 l - an amulet of regeneration (around neck)
 u - an amulet of magic regeneration
 J - a ring of willpower
 M - the ring of Vanity (right hand) {rF+ rC+ Slay+2}
   (You found it on level 1 of the Lair of Beasts)

   [ring of protection from cold]

   Slay:      It affects your accuracy & damage with ranged weapons and melee
   (+2).
   rF:        It protects you from fire.
   rC:        It protects you from cold.
Wands
 a - a wand of digging (7)
 m - a wand of polymorph (21)
 D - a wand of mindburst (31)
 F - a wand of charming (1)
 I - a wand of acid (3)
 O - a wand of flame (14)
 T - a wand of iceblast (31)
Scrolls
 c - 5 scrolls of blinking
 d - 2 scrolls of amnesia
 s - 9 scrolls of magic mapping
 t - 13 scrolls of teleportation
 y - 11 scrolls of identify
 z - a scroll of acquirement
 B - 4 scrolls of enchant armour
 K - 10 scrolls of fear
 P - 2 scrolls of enchant weapon
 Q - a scroll of summoning
 U - 6 scrolls of holy word
 V - 3 scrolls of fog
 Y - 2 scrolls of immolation
Potions
 e - 10 potions of heal wounds
 f - 5 potions of flight
 g - 5 potions of might
 k - 7 potions of attraction
 o - 3 potions of haste
 p - 3 potions of ambrosia
 q - 5 potions of lignification
 r - 16 potions of curing
 w - 2 potions of mutation
 H - a potion of resistance
 N - a potion of invisibility
 S - 4 potions of brilliance
 X - 3 potions of berserk rage
Miscellaneous
 C - a box of beasts
 W - a condenser vane (inert)
 Z - a tin of tremorstones (1/2)


   Skills:
 + Level 11.9 Fighting
 - Level 8.3(8.5) Short Blades
 - Level 2.6(5.8) Long Blades
 - Level 12.0 Throwing
 - Level 6.0 Armour
 + Level 9.6 Dodging
 + Level 13.5 Stealth
 - Level 15.0 Shields
 + Level 4.2 Spellcasting
 + Level 5.7 Necromancy
 - Level 7.0 Translocations
 + Level 3.3 Earth Magic
 + Level 13.9 Invocations
 + Level 11.6 Evocations


You had 18 spell levels left.
You knew the following spells:

 Your Spells              Type           Power      Damage    Failure   Level
a - Blink                 Tloc           100%       N/A       1%          2
b - Passage of Golubria   Tloc           64%        N/A       5%          4
c - Passwall              Tmut/Erth      20%        N/A       8%          2

Your spell library contained the following spells:

 Spells                   Type           Power      Damage    Failure   Level
 Sublimation of Blood     Necr           57%        N/A       1%          2
 Gell's Gravitas          Tloc           64%        N/A       1%          3
 Lesser Beckoning         Tloc           64%        N/A       1%          3
 Teleport Other           Tloc           64%        N/A       1%          3
 Sandblast                Erth           78%        2d17      2%          1
 Corpse Rot               Necr/Air       70%        N/A       4%          2
 Portal Projectile        Hex/Tloc       80%        N/A       7%          3
 Dispel Undead            Necr           57%        3d20      9%          4
 Sting                    Tmut/Pois      36%        1d4       10%         1
 Ensorcelled Hibernation  Hex/Ice        18%        N/A       14%         2
 Static Discharge         Conj/Air       9%         N/A       14%         2
 Manifold Assault         Tloc           64%        N/A       16%         5
 Iskenderun's Mystic Bla  Conj/Tloc      40%        2d9       22%         4
 Agony                    Necr           57%        N/A       26%         5
 Excruciating Wounds      Necr           28%        N/A       26%         5
 Dazzling Flash           Conj/Hex       18%        N/A       28%         3
 Frozen Ramparts          Ice            18%        1d3       28%         3
 Ignite Poison            Fire/Tmut/Pois 9%         N/A       28%         3
 Mephitic Cloud           Conj/Pois/Air  9%         N/A       28%         3
 Spider Form              Tmut/Pois      9%         N/A       28%         3
 Tukima's Dance           Hex            9%         N/A       28%         3
 Borgnjor's Vile Clutch   Necr/Erth      25%        N/A       38%         5
 Leda's Liquefaction      Hex/Erth       12%        N/A       43%         4
 Petrify                  Tmut/Erth      24%        N/A       43%         4
 Lee's Rapid Deconstruct  Erth           19%        3d12*     56%         5
 Dispersal                Tloc           32%        N/A       63%         6
 Airstrike                Air            4%         N/A       67%         4
 Flame Wave               Conj/Fire      9%         2d4       67%         4
 Sticky Flame             Conj/Fire      9%         2d3       67%         4
 Summon Lightning Spire   Summ/Air       9%         N/A       67%         4
 Death Channel            Necr           28%        N/A       80%         6
 Alistair's Intoxication  Tmut/Pois      6%         N/A       95%         5
 Blade Hands              Tmut           4%         N/A       95%         5
 Freezing Cloud           Conj/Ice/Air   4%         6-21      95%         5
 Irradiate                Conj/Tmut      4%         3d14      95%         5
 Lightning Bolt           Conj/Air       4%         1d16      95%         5
 Silence                  Hex/Air        4%         N/A       95%         5
 Yara's Violent Unravell  Hex/Tmut       4%         3d4       95%         5
 Simulacrum               Ice/Necr       17%        N/A       99%         6
 Starburst                Conj/Fire      4%         6d4       100%        6
 Statue Form              Tmut/Erth      16%        N/A       100%        6
 Haunt                    Necr/Summ      17%        N/A       100%        7
 Storm Form               Tmut/Air       4%         N/A       100%        7
 Borgnjor's Revivificati  Necr           28%        N/A       100%        8
 Disjunction              Tloc           32%        N/A       100%        8
 Lehudib's Crystal Spear  Conj/Erth      12%        10d4      100%        8
 Polar Vortex             Ice            4%         N/A       100%        9


Dungeon Overview and Level Annotations

Branches:
Dungeon (13/15)            Temple (1/1) D:4            Lair (6/6) D:10
  Swamp (3/4) Lair:4       Spider (4/4) Lair:3        Slime (0/5) Lair:5
    Orc (2/2) D:11            Elf (3/3) Orc:2        Vaults (0/5) D:13
  IceCv (visited)         Gauntlet (visited)

Altars:
Ashenzari
Cheibriados
Dithmenos
Elyvilon
Fedhas
Gozag
Hepliaklqana
Kikubaaqudgha
Makhleb
Nemelex Xobeh
Okawaru
Qazlal
Ru
Sif Muna
Trog
Uskayaw
Vehumet
Wu Jian
Xom
Yredelemnul
Zin
The Shining One
Beogh
Jiyva

Shops:
D:9 (   D:12 [   Orc:1 (?*(   Orc:2 *[(((   Elf:2 *   Elf:3 =

Portals:
Abyss: Lair:6
Trove: D:10 (give 2 scrolls of acquirement)

Annotations:
Orc:2 2 runed translucent doors, exclusion: orange crystal statue
Elf:2 3 runed translucent doors


Innate Abilities, Weirdness & Mutations

You have a pair of large horns on your head.
You have a moderately thin skeletal structure. (Dex +4, Stealth++)
You sometimes gain power by taking damage.
You are robust. (+10% HP)
Spells you cast may paralyse nearby enemies.


Message History

There are monsters nearby!
There are monsters nearby!
You enter the shallow water.
Moving in this stuff is going to be slow.
A four-headed hydra comes into view.
The swamp worm misses you.
The fenstrider witch gestures at you while chanting.
You suddenly lose the ability to move!
The swamp worm bites you!
The spriggan rider hits you but does no damage.
The swamp worm bites you. The swamp worm bites you!
The fenstrider witch gestures at you while chanting.
You resist with significant effort.
The spriggan rider hits you from afar with a +0 spear!!
The swamp worm bites you but does no damage.
The spriggan rider hits you but does no damage.
The fenstrider witch casts a spell at you.
The toxic sludge hits you!!
You are poisoned.
Splash!
You fall into the toxic bog.
Moving in this stuff is going to be slow.
You fester in the toxic bog!
You are more poisoned.
You feel very sick.
The swamp worm bites you but does no damage.
The fenstrider witch casts a spell at you.
The toxic sludge hits you.
You are more poisoned.
The spriggan rider hits you from afar with a +0 spear! x2
You fester in the toxic bog!
You are more poisoned.
* * * LOW HITPOINT WARNING * * *
x2 You feel extremely sick.
The swamp worm bites you!!
* * * LOW HITPOINT WARNING * * *
The spriggan rider hits you from afar with a +0 spear!
* * * LOW HITPOINT WARNING * * *
The spriggan rider hits you from afar with a +0 spear!!
You die...

♣..♣.≈<..≈≈.
♣....≈≈≈≈≈≈≈≈
♣..♣.≈≈≈.≈≈..
..§.≈.≈≈≈.≈.
♣≈≈..≈≈..>.≈
♣.≈≈§.≈...≈.
♣≈§ii.≈D.≈≈.
♣<.<≈H≈<≈≈..
♣≈≈≈@w.♣≈≈.
♣(§≈♣≈≈.≈≈♣
♣.≈≈≈≈.≈≈.♣
♣≈♣§≈♣$..♣♣
♣≈.♣.....♣
.≈. .♣..♣♣
♣♣≈≈ w≈ D♣ ..
.♣


You could see 2 four-headed hydras, a fenstrider witch, 2 spriggan riders and a
swamp worm.

Vanquished Creatures
  Jorgrun (D:12)
  The ghost of Sunketi the Eclecticist, an adept DECj of Vehumet (Swamp:2)
  Mlioglotl (Spider:2)
  A deep elf blademaster (Elf:3)
  A deep elf master archer (Elf:3)
  3 tentacled starspawn (Abyss:2)
  Gastronok (Lair:1)
  A thorn hunter (Swamp:1)
  Donald (Spider:1)
  10 deep elf sorcerers
  An orc warlord (Orc:2)
  The ghost of r3xj the Warrior, a journeyman MiFi of Okawaru (Lair:6)
  6 emperor scorpions
  2 ghost moths (Spider:4)
  9 deep elf elementalists (Elf:3)
  2 very ugly things (IceCv)
  5 deep elf demonologists (Elf:3)
  An eleionoma (Swamp:1)
  8 deep elf annihilators
  The ghost of Pinouros the Devastator, a journeyman DECj of Vehumet (Lair:5)
  2 bunyips
  4 entropy weavers
  A minotaur (Gauntlet)
  A green death (Gauntlet)
  An ettin (D:13)
  7 deep elf death magi (Elf:3)
  An ettin (shapeshifter) (Elf:2)
  A fire dragon (Lair:6)
  5 deep elf high priests
  An ice dragon (Lair:6)
  13 hydras
  5 boulder beetles
  A death knight (D:12)
  8 centaur warriors (D:13)
  5 catoblepae
  2 caustic shrike simulacra (IceCv)
  Erica (Lair:1)
  5 alligators
  A death yak (Lair:6)
  9 two-headed ogres
  12 dancing weapons
  A tengu warrior (D:13)
  A deep troll earth mage (D:13)
  A vampire mage (Abyss:2)
  An orc high priest (Orc:2)
  Urug (D:12)
  12 deep elf knights
  7 goliath frogs
  A wretched star (Abyss:2)
  2 spatial maelstroms (Abyss:2)
  3 skeletal warriors
  A death drake (shapeshifter) (Elf:2)
  A swamp dragon (Swamp:1)
  2 spriggan druids
  7 deep elf archers
  6 bog bodies
  2 orange crystal statues (IceCv)
  22 deep elf pyromancers
  Pikel (D:4)
  A wizard (D:13)
  2 lindwurms
  9 orb spiders
  3 orc sorcerers (Orc:2)
  18 wolf spiders
  2 phantasmal warriors
  3 cyclopes
  2 will-o-the-wisps (Swamp:2)
  6 ugly things
  28 deep elf zephyrmancers
  18 elephants
  2 worldbinders (Abyss:2)
  2 manticores
  5 moths of wrath
  Maurice (D:8)
  7 black mambas
  5 centaur zombies
  2 smoke demons
  6 torpor snails
  A gargoyle (D:12)
  2 orange demons (Gauntlet)
  2 kobold demonologists (D:10)
  An unseen horror (D:11)
  14 cane toads
  4 rime drakes
  7 demonic crawlers
  Maggie (Lair:2)
  11 komodo dragons
  6 freezing wraiths
  4 golden dragon simulacra (IceCv)
  An ice devil (Gauntlet)
  2 tengu conjurers (D:13)
  An ancient zyme (Lair:6)
  An efreet (D:13)
  11 tyrant leeches
  18 hornets
  2 trolls (Orc:2)
  19 jumping spiders
  A bloated husk (Swamp:2)
  4 polar bears
  13 slime creatures
  18 blink frogs
  A raiju (Lair:6)
  A snapping turtle (shapeshifter) (Elf:3)
  Sigmund (D:3)
  6 flying skulls (Abyss:2)
  4 shadows
  A ynoxinul (Lair:6)
  65 redbacks
  4 spriggans
  3 wyverns
  An air elemental (Elf:3)
  27 tarantellas
  A vampire (D:12)
  41 yaks
  2 basilisks (shapeshifter) (D:13)
  A tarantella (shapeshifter) (D:13)
  4 water elementals
  A dire elephant simulacrum (IceCv)
  3 fire bats (Lair:5)
  3 wraiths
  6 basilisks
  A golden eye (Abyss:2)
  3 steam dragons (Lair:6)
  Menkaure (D:6)
  A harpy simulacrum (IceCv)
  6 vampire mosquitoes (D:12)
  2 hydra simulacra (IceCv)
  A warg (Orc:2)
  8 swamp worms
  4 acid dragons
  A floating eye (shapeshifter) (Elf:3)
  15 water moccasins
  A large abomination (Abyss:2)
  36 orc warriors
  2 alligator simulacra (IceCv)
  An ice beast (D:7)
  A small abomination (Abyss:2)
  3 swamp drakes
  2 black bears
  An ettin simulacrum (IceCv)
  A sky beast (D:8)
  20 wolves
  8 ogres
  9 centaurs
  2 kobold brigands (D:10)
  16 bullfrogs
  An earth elemental (Elf:1)
  2 gnoll sergeants
  A scorpion (D:5)
  A wyvern zombie (D:6)
  A wyvern skeleton (D:7)
  4 lindwurm simulacra (IceCv)
  5 killer bees (D:9)
  8 wights
  10 electric eels
  2 crimson imps (Gauntlet)
  5 howler monkeys
  4 jellies
  Crazy Yiuf (D:7)
  A centaur skeleton (D:5)
  2 gnoll shamans (D:7)
  6 hounds
  An iron imp (D:12)
  14 orc priests
  20 orc wizards
  9 iguanas
  5 hell rats (Lair:2)
  A killer bee zombie (D:9)
  A howler monkey zombie (D:8)
  16 gnolls
  6 adders
  3 white imps (Gauntlet)
  2 ufetubi
  A worm (D:2)
  3 dart slugs
  87 orcs
  6 endoplasms
  6 giant cockroaches
  10 goblins
  9 hobgoblins
  12 kobolds
  6 quokkas
  4 ball pythons
  A bat (D:1)
  4 frilled lizards
  2 rats (D:1)
  7 briar patches (Swamp:1)
1093 creatures vanquished.

Vanquished Creatures (collateral kills)
  A yak (Lair:5)
  A bullfrog (Lair:5)
  2 electric eels (Lair:5)
4 creatures vanquished.

Vanquished Creatures (others)
  A swamp dragon (Lair:6)
  A black mamba (Lair:5)
  A cane toad (Lair:5)
  A komodo dragon (Lair:6)
  A bloated husk (Swamp:2)
  A redback (Spider:4)
  A swamp drake (Swamp:2)
  An orc priest (Orc:2)
  3 briar patches (Swamp:1)
  A bush (Lair:6)
  4 foxfires (Swamp:2)
  41 fungi
  A lurking horror (Lair:6)
  81 plants
  8 starspawn tentacles (Abyss:2)
  4 withered plants (Gauntlet)
151 creatures vanquished.

Grand Total: 1248 creatures vanquished

Notes
Turn   | Place    | Note
-------+----------+-------------------------------------------
     0 | D:1      | frimble the Demonspawn Warper began the quest for the Orb.
     0 | D:1      | Reached XP level 1. HP: 16/16 MP: 3/3
   453 | D:1      | Gained mutation: Spells you cast may paralyse adjacent
                  | enemies. [demonic ancestry]
   453 | D:1      | Reached XP level 2. HP: 17/22 MP: 5/5
   507 | D:1      | Learned a level 2 spell: Blink
   640 | D:1      | Found a faded altar of an unknown god.
  1283 | D:1      | Gained mutation: You have a somewhat thin skeletal
                  | structure. (Dex +2, Stealth+) [demonic ancestry]
  1283 | D:1      | Reached XP level 3. HP: 27/27 MP: 6/6
  1459 | D:1      | Identified 3 scrolls of acquirement
  1459 | D:1      | Acquired a +6 quick blade
  1461 | D:1      | Acquired the ring "Arubbiyr" {Ice rCorr Str-4 Slay+4}
  1463 | D:1      | Acquired 841 gold pieces
  1902 | D:2      | Reached skill level 1 in Short Blades
  1902 | D:2      | Reached skill level 1 in Stealth
  1915 | D:2      | Gained mutation: You have a pair of small horns on your
                  | head. [demonic ancestry]
  1915 | D:2      | Reached XP level 4. HP: 13/33 MP: 7/7
  2606 | D:3      | Noticed Sigmund
  2638 | D:3      | Killed Sigmund
  2639 | D:3      | Gained mutation: You have a pair of horns on your head.
                  | [demonic ancestry]
  2639 | D:3      | Reached XP level 5. HP: 28/38 MP: 8/8
  2949 | D:3      | Reached XP level 6. HP: 43/43 MP: 9/9
  3229 | D:4      | Noticed Pikel
  3253 | D:4      | Killed Pikel
  3254 | D:4      | Reached skill level 5 in Stealth
  3254 | D:4      | Gained mutation: You have a moderately thin skeletal
                  | structure. (Dex +4, Stealth++) [demonic ancestry]
  3254 | D:4      | Reached XP level 7. HP: 50/50 MP: 10/10
  3474 | D:4      | Identified the +5 ring mail of Fedhas's Regard {Dex+6}
  3528 | D:4      | Found a staircase to the Ecumenical Temple.
  3544 | Temple   | Entered the Ecumenical Temple
  3600 | Temple   | Became a worshipper of Ashenzari the Shackled
  3964 | D:5      | Entered Level 5 of the Dungeon
  4046 | D:5      | Reached skill level 5 in Short Blades
  4205 | D:5      | Reached XP level 8. HP: 56/56 MP: 11/11
  4497 | Temple   | Fell from the grace of Ashenzari
  4497 | Temple   | Became a worshipper of Cheibriados the Contemplative
  5045 | D:6      | Gained mutation: You sometimes gain a little power by
                  | taking damage. [demonic ancestry]
  5045 | D:6      | Reached XP level 9. HP: 27/61 MP: 12/12
  5106 | D:6      | Noticed Menkaure
  5113 | D:6      | Killed Menkaure
  5348 | D:6      | Found an ancient bone altar of Kikubaaqudgha.
  5358 | D:6      | Reached * piety under Cheibriados
  6032 | D:7      | Noticed a cyclops
  6037 | D:7      | Killed a cyclops
  6590 | D:7      | Reached ** piety under Cheibriados
  6643 | D:7      | Found a runed translucent door.
  6644 | D:7      | Noticed Crazy Yiuf
  7014 | D:7      | Killed Crazy Yiuf
  7098 | D:8      | Noticed Maurice
  7113 | D:8      | Killed Maurice
  7114 | D:8      | Was forgiven by Ashenzari
  7501 | D:9      | Noticed a two-headed ogre
  7514 | D:9      | Killed a two-headed ogre
  7515 | D:9      | Reached skill level 1 in Invocations
  7515 | D:9      | Reached skill level 1 in Evocations
  7515 | D:9      | Reached XP level 10. HP: 26/71 MP: 13/13
  7618 | D:9      | Noticed a two-headed ogre
  7629 | D:9      | Killed a two-headed ogre
  7860 | D:9      | Noticed a two-headed ogre
  7872 | D:9      | Killed a two-headed ogre
  7873 | D:9      | Reached skill level 5 in Fighting
  7873 | D:9      | Reached skill level 1 in Armour
  7894 | D:9      | Found Tigewne's Weapon Emporium.
  7961 | D:9      | Reached *** piety under Cheibriados
  8296 | D:9      | Found a basalt altar of Yredelemnul.
  8350 | D:10     | Entered Level 10 of the Dungeon
  8669 | D:11     | Noticed a two-headed ogre
  8674 | D:11     | Killed a two-headed ogre
  8675 | D:11     | Reached skill level 1 in Shields
  8675 | D:11     | Reached skill level 5 in Translocations
  8675 | D:11     | Reached skill level 5 in Invocations
  8675 | D:11     | Gained mutation: Spells you cast may paralyse nearby
                  | enemies. [demonic ancestry]
  8675 | D:11     | Reached XP level 11. HP: 80/80 MP: 14/14
  8730 | D:11     | Noticed a seven-headed hydra
  8738 | D:11     | Killed a seven-headed hydra
  8996 | D:10     | Reached **** piety under Cheibriados
  8997 | D:10     | Reached skill level 2 in Shields
  9010 | D:10     | Reached skill level 5 in Dodging
  9032 | D:10     | Found a staircase to the Lair.
  9163 | D:10     | Found a hide-covered altar of Uskayaw.
  9255 | D:10     | Reached skill level 5 in Evocations
  9257 | D:10     | Found a portal to a secret trove of treasure.
  9266 | D:10     | Reached skill level 3 in Shields
  9370 | D:10     | Noticed a two-headed ogre
  9379 | D:10     | Killed a two-headed ogre
  9436 | D:10     | You fall into a shaft and drop 1 floor!
  9608 | D:10     | Reached skill level 4 in Shields
  9619 | D:10     | Noticed a deep elf pyromancer
  9626 | D:10     | Killed a deep elf pyromancer
  9954 | D:11     | Found a staircase to the Orcish Mines.
  9987 | D:11     | Reached ***** piety under Cheibriados
  9988 | D:11     | Reached skill level 10 in Stealth
 10170 | D:12     | Noticed Urug
 10177 | D:12     | Killed Urug
 10217 | D:12     | Noticed a skeletal warrior
 10219 | D:12     | Noticed a death knight
 10372 | Lair:1   | Entered Level 1 of the Lair of Beasts
 10392 | Lair:1   | Identified the ring of Vanity {rF+ rC+ Slay+2}
 10416 | Lair:1   | Gained mutation: You have a pair of large horns on your
                  | head. [demonic ancestry]
 10416 | Lair:1   | Reached XP level 12. HP: 80/89 MP: 17/17
 10462 | Lair:1   | Noticed Erica
 10478 | Lair:1   | Killed Erica
 10577 | Lair:1   | Noticed Gastronok
 10584 | Lair:1   | Killed Gastronok
 10647 | Lair:1   | Noticed a six-headed hydra
 10654 | Lair:1   | Killed a six-headed hydra
 10940 | Lair:2   | Noticed a four-headed hydra
 10981 | Lair:2   | Killed a four-headed hydra
 11200 | Lair:2   | Noticed Maggie
 11207 | Lair:2   | Killed Maggie
 11239 | Lair:2   | Noticed a six-headed hydra
 11247 | Lair:2   | Killed a six-headed hydra
 11707 | Lair:2   | Noticed a four-headed hydra
 11712 | Lair:2   | Killed a four-headed hydra
 12015 | Lair:3   | Reached XP level 13. HP: 98/98 MP: 19/19
 12199 | Lair:3   | Found a hole to the Spider Nest.
 12800 | Lair:3   | Reached XP level 14. HP: 106/106 MP: 19/21
 12846 | Lair:4   | Found a broken altar of Ashenzari.
 12850 | Lair:4   | Reached skill level 10 in Invocations
 12867 | Lair:4   | Reached ****** piety under Cheibriados
 12993 | Lair:4   | Found a staircase to the Swamp.
 13091 | Lair:4   | Got Sif Muna's Tome of Snow
 13787 | Lair:5   | Found a viscous altar of Jiyva.
 13787 | Lair:5   | Found a staircase to the Slime Pits.
 13975 | Lair:5   | Found a runed translucent gate.
 13975 | Lair:5   | Found a runed translucent gate.
 13975 | Lair:5   | Found a runed translucent gate.
 13975 | Lair:5   | Noticed Pinouros's ghost (journeyman DECj)
 14664 | Lair:6   | Entered Level 6 of the Lair of Beasts
 14908 | Lair:6   | Found a runed translucent door.
 14936 | Lair:6   | Reached skill level 1 in Throwing
 14946 | Lair:6   | Found the +7 Kryia's mail coat {PotionHeal*2 rC+}
 15018 | Lair:6   | Reached skill level 5 in Shields
 15018 | Lair:6   | Paralysed by a hornet for 1 turns
 15198 | Lair:6   | Found a transporter.
 15216 | Lair:6   | Gained mutation: You sometimes gain power by taking damage.
                  | [demonic ancestry]
 15216 | Lair:6   | Reached XP level 15. HP: 115/115 MP: 23/23
 15219 | Lair:6   | Noticed r3xj's ghost (journeyman MiFi)
 15219 | Lair:6   | Found a transporter.
 15225 | Lair:6   | Found a one-way gate to the infinite horrors of the Abyss.
 15253 | Lair:6   | Reached skill level 10 in Fighting
 15474 | Lair:6   | Reached skill level 10 in Evocations
 16433 | Lair:6   | Killed r3xj's ghost
 16715 | Lair:5   | Killed Pinouros's ghost
 17309 | D:12     | Reached skill level 6 in Shields
 17355 | D:12     | Noticed Jorgrun
 17372 | D:12     | Killed Jorgrun
 17459 | D:12     | Found a snail-covered altar of Cheibriados.
 17683 | D:12     | Found Tasyku's Antique Armour Shop.
 18159 | D:13     | Reached skill level 5 in Armour
 18252 | D:13     | Identified the +4 bardiche of the End {antimagic, Will++}
 18310 | D:13     | Reached XP level 16. HP: 96/125 MP: 19/25
 18344 | D:13     | Identified the ring of Wiulisch {EV+4 Str-2 Int+5 Slay+3
                  | SInv}
 18642 | D:13     | Reached skill level 5 in Throwing
 18647 | D:13     | Reached skill level 7 in Shields
 18719 | D:13     | Found a gate to the Vaults.
 18937 | Orc:1    | Entered Level 1 of the Orcish Mines
 18937 | Orc:1    | Found Famyf's Magic Scroll Boutique.
 19040 | Orc:1    | Bought a scroll of acquirement for 780 gold pieces
 19040 | Orc:1    | Bought a scroll of brand weapon for 300 gold pieces
 19040 | Orc:1    | Bought a scroll of immolation for 52 gold pieces
 19040 | Orc:1    | Bought a scroll of teleportation for 45 gold pieces
 19040 | Orc:1    | Bought a scroll of magic mapping for 52 gold pieces
 19040 | Orc:1    | Bought a scroll of fog for 30 gold pieces
 19040 | Orc:1    | Bought a scroll of fog for 30 gold pieces
 19054 | Orc:1    | Found Riashrotto's Weapon Shoppe.
 19062 | Orc:1    | Found Vuupsur's General Store.
 19127 | Orc:1    | Found Wugeiffukh's Weapon Shop.
 19244 | Orc:2    | Entered Level 2 of the Orcish Mines
 19273 | Orc:2    | Found a gate leading to a gauntlet.
 19294 | Orc:2    | Found a staircase to the Elven Halls.
 19299 | Gauntlet | Entered a Gauntlet
 19299 | Gauntlet | Found a transporter.
 19309 | Gauntlet | Found a transporter.
 19320 | Gauntlet | Found a transporter.
 19323 | Gauntlet | Found a transporter.
 19335 | Gauntlet | Found a transporter.
 19348 | Gauntlet | Found a transporter.
 19358 | Gauntlet | Found a transporter.
 19370 | Gauntlet | Found a transporter.
 19385 | Gauntlet | Found a transporter.
 19400 | Gauntlet | Found a transporter.
 19400 | Gauntlet | Found a transporter.
 19443 | Gauntlet | Found a transporter.
 19457 | Gauntlet | Found a transporter.
 19506 | Gauntlet | Found a transporter.
 19633 | Gauntlet | Identified the +0 pair of boots of Baldness {Str+3}
 19673 | Gauntlet | Got the Handbook of Transformation
 19679 | Gauntlet | Learned a level 4 spell: Passage of Golubria
 19682 | Gauntlet | Learned a level 2 spell: Passwall
 19684 | Gauntlet | Got the Reference Book on Dusty Poisoning
 19688 | Gauntlet | Identified the +1 ring mail "Ulisk" {rF+ rC+ Slay+3}
 19693 | Gauntlet | Identified the +1 scale mail "Taeduew" {rN+}
 19894 | Orc:2    | Found Hafa's Antique Weapon Emporium.
 19918 | Orc:2    | Found Jicejuh's Antique Armour Shoppe.
 20034 | Orc:2    | Found Cudat's Antique Weapon Emporium.
 20072 | Orc:2    | Found a runed translucent door.
 20185 | Orc:2    | Found the +10 tower shield of Ignorance {rN+ Int-4}
 20191 | Orc:2    | Found a runed translucent door.
 20255 | Orc:2    | Found Geywam's Assorted Antiques.
 20640 | Orc:2    | Found Etorryeq's Weapon Emporium.
 20657 | Orc:2    | Reached skill level 8 in Shields
 20794 | Orc:2    | Bought a pair of gloves for 85 gold pieces
 20838 | Elf:1    | Entered Level 1 of the Elven Halls
 21416 | Elf:1    | Reached skill level 9 in Shields
 22138 | Elf:2    | Found Daichy's Assorted Antiques.
 22155 | Elf:2    | Bought a potion of heal wounds for 180 gold pieces
 22155 | Elf:2    | Bought 2 potions of heal wounds for 360 gold pieces
 22286 | Elf:2    | Reached skill level 10 in Shields
 22474 | Elf:2    | Reached XP level 17. HP: 131/131 MP: 26/26
 22502 | Elf:2    | Found a runed translucent gate.
 22507 | Elf:2    | Found a runed translucent gate.
 22507 | Elf:2    | Found a runed translucent gate.
 22886 | Elf:3    | Entered Level 3 of the Elven Halls
 23187 | Elf:3    | Paralysed by an air elemental for 1 turns
 23238 | Elf:3    | Found Hoetz's Jewellery Shoppe.
 23348 | Elf:3    | Reached skill level 11 in Shields
 23361 | Elf:3    | Reached skill level 10 in Throwing
 23365 | Elf:3    | Cast into level 2 of the Abyss (a deep elf sorcerer)
 23480 | Abyss:2  | Found a corrupted altar of Lugonu.
 23491 | Abyss:2  | Found a corrupted altar of Lugonu.
 23543 | Abyss:2  | Found a corrupted altar of Lugonu.
 23753 | Abyss:2  | Found a shadowy altar of Dithmenos.
 23778 | Elf:3    | Escaped the Abyss
 23858 | Elf:3    | Noticed a deep elf blademaster
 23867 | Elf:3    | Killed a deep elf blademaster
 23879 | Elf:3    | Reached skill level 12 in Shields
 23951 | Elf:3    | Noticed a deep elf master archer
 23958 | Elf:3    | Killed a deep elf master archer
 24077 | Elf:3    | Reached skill level 13 in Shields
 24077 | Elf:3    | Reached XP level 18. HP: 138/138 MP: 27/27
 24150 | Elf:3    | Identified the +1 cloak of the Lost Path {rF- rC++ rN+
                  | SInv}
 24181 | Elf:3    | Got the Compendium of Moulding and Heat
 24202 | Elf:3    | Found the +6 arbalest "Damnation" {damnation}
 24653 | Spider:1 | Entered Level 1 of the Spider Nest
 24701 | Spider:1 | Identified the +5 hunting sling of Beoletso {vorpal, rCorr
                  | MP+9}
 24850 | Spider:1 | Noticed Donald
 24884 | Spider:1 | Killed Donald
 25518 | Spider:2 | Noticed Mlioglotl
 25531 | Spider:2 | Killed Mlioglotl
 25542 | Spider:2 | Reached skill level 14 in Shields
 25987 | Spider:3 | Found a frozen archway.
 25997 | IceCv    | Entered an ice cave
 26219 | IceCv    | Got the Papyrus of Necromancy
 26223 | IceCv    | Identified the +2 leather armour of Cashe {Fly Will+ Int+10
                  | Dex-5}
 26224 | IceCv    | Identified the +1 chain mail of the Worm {Contam rF+ Int+4
                  | Slay+3}
 26411 | Spider:3 | Reached skill level 15 in Shields
 26428 | Spider:3 | Reached skill level 1 in Necromancy
 26770 | Spider:4 | Entered Level 4 of the Spider Nest
 26860 | Spider:4 | Reached skill level 1 in Earth Magic
 27555 | Spider:4 | Paralysed by a hornet for 2 turns
 27668 | Spider:4 | Got a gossamer rune of Zot
 28310 | Swamp:1  | Entered Level 1 of the Swamp
 28444 | Swamp:1  | Gained mutation: You are robust. (+10% HP) [demonic
                  | ancestry]
 28444 | Swamp:1  | Reached XP level 19. HP: 89/159 MP: 29/29
 28555 | Swamp:1  | You fall into a shaft and drop 1 floor!
 28584 | Swamp:2  | Reached skill level 5 in Necromancy
 28681 | Swamp:2  | Found a transporter.
 28967 | Swamp:2  | Noticed Sunketi's ghost (adept DECj)
 29079 | Swamp:2  | Found a transporter.
 29482 | Swamp:2  | Killed Sunketi's ghost
 29544 | Swamp:2  | Identified the +1 pair of gloves of Okkeitig {+Inv Str+4
                  | SInv}
 29587 | Swamp:3  | Paralysed by a fenstrider witch for 7 turns
 29592 | Swamp:3  | HP: 2/160 [spriggan rider (15)]
 29592 | Swamp:3  | Demolished by a spriggan rider

Illustrated notes

Levels and vault maps discovered:
D:1:      lemuel_arrival_tunnels, layout_basic,
          hellmonk_ecumenical_altar_leap_of_faith, nrook_mini_backslash,
          minmay_vboxes
D:2:      layout_rooms, minmay_misc_feat_roman, hangedman_decor_push
D:3:      layout_loops_ring, uniq_sigmund
D:4:      layout_rooms, temple_doors_e, hangedman_decor_opposing, uniq_pikel
D:5:      layout_gridville
D:6:      layout_basic, mainiacjoe_overflow_alcove_1, uniq_menkaure
D:7:      layout_layer_cave, uniq_crazy_yiuf_cottage
D:8:      layout_cave_pools, uniq_maurice
D:9:      layout_irregular_city, gammafunk_temple_overflow_elements,
          serial_shops, shop
D:10:     cheibrodos_two_vegetables, layout_basic, lemuel_round_altar,
          lair_entry_dummy, enter_trove_1, minmay_tree_intersection,
          hangedman_abyss_or_decor_jellyfish_corner, minmay_misc_feat_rows,
          kennysheep_generic_room_13
D:11:     layout_rooms, erik_orc_1, eino_tiny_chamber
D:12:     layout_small_grid, serial_shops, nicolae_shop_crystal,
          minmay_crystal_water, slow_altar_1, uniq_urug, uniq_jorgrun
D:13:     minmay_expanding_squares, layout_cave_pods, david_vaults_4
Temple:   compressed_dpeg_circular_temple
Lair:1:   layout_hall_layers, uniq_gastronok, uniq_erica
Lair:2:   layout_cave_pods, grunt_megastairs_1, uniq_maggie
Lair:3:   layout_regular_city, dummy_spider_entry, grunt_megastairs_5
Lair:4:   layout_long_grid, skrybe_swamp_entry_bodies, basic_altar,
          serial_bayou_pond_b, nicolae_lair_lil_pond
Lair:5:   layout_gridlike, slime_altar_1, ebering_ghost_rock_garden,
          chequers_serial_rivers_large_b, small_statue_intersection,
          serial_bayou_lake_a
Lair:6:   wormcave, layout_regular_city, guppyfry_lair_end_dragon,
          gammafunk_ghost_abyssal_escape
Swamp:1:  layout_falls_marsh, serial_swamp_ruin, evilmike_swamp_ruin_rubble_1,
          evilmike_swamp_ruin_house_3
Swamp:2:  layout_basic_swamp, gammafunk_ghost_berserking_beasts,
          evilmike_swamp_ruin_house_1, swamp_pool1, statue_in_the_mist_lemuel,
          nicolae_swamp_alligator_family
Swamp:3:  layout_falls_marsh, evilmike_swamp_ruin_rubble_2,
          nicolae_swamp_bloodsuckers_inc
Spider:1: layout_spider_delve, uniq_donald
Spider:2: layout_spider_delve, uniq_mlioglotl
Spider:3: layout_spider_delve, portal_ice_cave_entry_pillars_four
Spider:4: spider_rune_water
Orc:1:    layout_caves, serial_shops, nicolae_shop_advertising_works
          [nicolae_subvault_shop_adworks], shop, shop_scrolls, shop
Orc:2:    grunt_orc_community_town_hall, layout_caves,
          grunt_orc_community_big_house_1, grunt_orc_community_big_house_2,
          grunt_orc_community_house_1, grunt_orc_community_house_2,
          grunt_orc_community_house_1, grunt_orc_community_house_2,
          grunt_orc_community_house_1, grunt_orc_community_house_3,
          special_room, gauntlet_entry_generic, serial_shops, shop,
          chequers_guarded_unrand_ignorance
Elf:1:    minmay_elf_arrival_plus, layout_geoelf_grid, serial_corexii_hall,
          corexii_hall_statues_x, corexii_hall_statues_x,
          corexii_hall_statues_i, corexii_hall_statues_l,
          chequers_hall_statues_y, chequers_hall_statues_corner_a,
          hangedman_elf_represent
Elf:2:    elven_hall_of_blades_hangedman_original
          [nicolae_blade_entry_area_security], layout_gridlike, serial_shops,
          shop, st_stairs_1
Elf:3:    minmay_elf_hall_four_x, layout_loops_cross, serial_shops, shop,
          nicolae_elf_m_pinch

Skill      XL: |  1  2  3  4  5  6  7  8  9 10 11 12 13 14 15 16 17 18 19 |
---------------+----------------------------------------------------------+-----
Long Blades    | 2 |  2.6
Dodging        | 2 3 4 5 6 7 8 9 |  9.6
Short Blades   | 1 3 4 5 7 8 |  8.3
Stealth        | 1 3 5 6 7 9 10 11 12 13 | 13.5
Fighting       | 4 5 6 7 8 9 11 | 11.9
Translocations | 3 5 6 7 |  7.0
Invocations    | 1 5 6 8 9 11 13 | 13.9
Evocations     | 1 4 6 7 8 9 11 | 11.6
Armour         | 2 3 5 6 |  6.0
Shields        | 1 4 5 6 10 13 15 | 15.0
Throwing       | 1 4 9 12 | 12.0
Necromancy     | 4 5 |  5.7
Earth Magic    | 2 3 |  3.3
Spellcasting   | 3 4 |  4.2

Action                   |  1- 3 |  4- 6 |  7- 9 | 10-12 | 13-15 | 16-18 | 19-21 || total
-------------------------+-------+-------+-------+-------+-------+-------+-------++-------
Melee: Falchion          |    90 |       |       |       |       |       |       ||    90
       Quick blade       |    27 |    74 |   206 |   440 |   848 |  1488 |   167 ||  3250
       Headbutt          |       |     4 |    41 |   170 |   376 |   576 |    46 ||  1213
Throw: Boomerang         |     2 |       |       |     6 |    31 |   144 |     7 ||   190
       Throwing net      |       |       |       |     1 |       |     1 |       ||     2
       Javelin           |       |       |       |       |       |     5 |     1 ||     6
 Cast: Blink             |       |       |       |     4 |    13 |     6 |     7 ||    30
Invok: Slouch            |       |       |       |     2 |     2 |     3 |     1 ||     8
       Temporal Distorti |       |       |       |       |       |     3 |       ||     3
Evoke: Wand              |       |       |     3 |     6 |     7 |     1 |       ||    17
       Condenser vane    |       |       |       |       |     1 |     3 |     1 ||     5
       Tin of tremorston |       |       |       |       |       |     2 |     1 ||     3
  Use: Scroll            |     3 |     4 |    11 |     5 |     8 |     8 |       ||    39
       Potion            |       |       |       |       |     2 |     1 |     1 ||     4
 Stab: Sleeping          |       |    11 |    26 |    27 |    30 |    56 |     1 ||   151
       Held in net/web   |       |       |       |     2 |       |     2 |       ||     4
       Paralysed         |       |       |       |     1 |       |       |       ||     1
       Distracted        |       |       |       |     1 |     7 |     3 |       ||    11
       Petrifying        |       |       |       |       |     1 |       |       ||     1
       Confused          |       |       |       |       |       |     1 |     2 ||     3
Armor: Leather armour    |    32 |     3 |       |       |       |       |       ||    35
       Robe              |       |     3 |    14 |       |       |       |       ||    17
       Skin              |       |    22 |     2 |       |       |       |       ||    24
       Ring mail         |       |       |    28 |    71 |    60 |       |       ||   159
       Scale mail        |       |       |       |       |    93 |   113 |       ||   206
       Chain mail        |       |       |       |       |       |    62 |    28 ||    90
Dodge: Dodged            |    75 |    18 |    78 |   199 |   463 |   627 |    75 ||  1535
Block: Buckler           |       |       |       |       |   141 |   189 |       ||   330
       Kite shield       |       |       |       |       |       |   356 |   101 ||   457
       Reflection        |       |       |       |       |       |       |     1 ||     1

Table legend: (Time is in decaauts)
 A = Elapsed time spent in this place.
 B = Non-inter-level travel time spent in this place.
 C = Inter-level travel time spent in this place.
 D = Time resting spent in this place.
 E = Time spent auto-exploring this place.
 F = Levels seen in this place.
 G = Mean time per level.
                   A        B        C        D        E       F      G
               +--------+--------+--------+--------+--------+-----+--------+
         Total |  43287 |  39459 |   3828 |     72 |  31613 |  35 | 1236.8 |
       Dungeon |  15833 |  13974 |   1859 |     70 |  11610 |  13 | 1217.9 |
        Temple |    118 |     77 |     41 |      0 |     62 |   1 |  118.0 |
          Lair |  10784 |   9889 |    895 |      0 |   8154 |   6 | 1797.3 |
         Swamp |   2008 |   1913 |     95 |      0 |   1518 |   3 |  669.3 |
   Spider Nest |   5190 |   4712 |    478 |      0 |   3762 |   4 | 1297.5 |
  Orcish Mines |   2530 |   2311 |    219 |      0 |   1798 |   2 | 1265.0 |
   Elven Halls |   5244 |   5005 |    239 |      2 |   3930 |   3 | 1748.0 |
         Abyss |    600 |    600 |      0 |      0 |    312 |   1 |  600.0 |
      Ice Cave |    298 |    298 |      0 |      0 |    110 |   1 |  298.0 |
      Gauntlet |    677 |    677 |      0 |      0 |    356 |   1 |  677.0 |
               +--------+--------+--------+--------+--------+-----+--------+

Top non-repeatable levels by time:
  Lair:6: 2709 daAuts
   Elf:1: 2060 daAuts
   Orc:2: 1976 daAuts
  Lair:5: 1966 daAuts
Spider:4: 1907 daAuts
     D:7: 1851 daAuts
  Lair:2: 1843 daAuts
   Elf:3: 1818 daAuts
    D:10: 1725 daAuts
  Lair:4: 1694 daAuts
Spider:1: 1685 daAuts
    D:13: 1676 daAuts
  Lair:3: 1604 daAuts
     D:1: 1577 daAuts
    D:11: 1446 daAuts
